 Dungeon Crawl Stone Soup version 0.30-a0-4-ga7cffc901d (webtiles) character file.

Game seed: 14051714503544607109

117 Setbun the Sneak (level 5, -6/29 HPs)
             Began as a Kobold Enchanter on Aug 20, 2022.
             Mangled by an ogre
             ... wielding a +0 giant club
              (9 damage)
             ... on level 4 of the Dungeon.
             The game lasted 00:02:52 (3511 turns).

Setbun the Sneak (Kobold Enchanter)                 Turns: 3511, Time: 00:02:52

Health: -6/29      AC:  7    Str:  6    XL:     5   Next: 22%
Magic:  9/9        EV: 15    Int: 16    God:
Gold:   163        SH:  0    Dex: 17    Spells: 9/9 levels left

rFire   . . .      SeeInvis .    q - +1 short sword (holy)
rCold   . . .      Faith    .    (no shield)
rNeg    . . .      Spirit   .    b - +0 robe
rPois   .          Reflect  .    p - +0 helmet
rElec   .          Harm     .    f - +2 cloak
rCorr   .          Rampage  .    g - +0 pair of gloves
Will    .....                    (no boots)
Stlth   ++++......               k - amulet of the acrobat
HPRegen 0.09/turn                (no ring)
MPRegen 0.11/turn                (no ring)

@: no status effects
A: small, no large weapons, nightstalker 3
a: no special abilities


You were on level 4 of the Dungeon.
You visited 1 branch of the dungeon, and saw 4 of its levels.

You collected 163 gold pieces.

Inventory:

Hand Weapons
 a - a +1 dagger
 q - a +1 short sword of holy wrath (weapon)
Armour
 b - a +0 robe (worn)
 f - a +2 cloak (worn)
 g - a +0 pair of gloves (worn)
 p - a +0 helmet (worn)
Jewellery
 e - a ring of protection from cold
 k - an amulet of the acrobat (around neck)
 l - a ring of protection from fire
Scrolls
 d - 2 scrolls of poison {unknown}
 h - a scroll of torment {unknown}
 i - 3 scrolls of identify {unknown}
 j - a scroll of teleportation {unknown}
 m - a scroll of immolation {unknown}
Potions
 c - 2 potions of invisibility
 n - a potion of flight {unknown}
 o - a potion of might {unknown}


   Skills:
 + Level 1.4 Fighting
 + Level 2.8 Short Blades
 + Level 3.3 Dodging
 + Level 4.7 Stealth
 + Level 2.8 Spellcasting
 + Level 3.5 Hexes


You had 9 spell levels left.
You didn't know any spells.
Your spell library contained the following spells:

 Spells                   Type           Power      Damage    Failure   Level
 Confusing Touch          Hex            13%        N/A       13%         3
 Tukima's Dance           Hex            13%        N/A       13%         3
 Ensorcelled Hibernation  Hex/Ice        16%        N/A       14%         2
 Dazzling Flash           Conj/Hex       16%        N/A       26%         3


Dungeon Overview and Level Annotations

Branches:
Dungeon (4/15)
 Temple: D:4-7

Altars:
Hepliaklqana
Qazlal

Shops:
D:3 !::((


Innate Abilities, Weirdness & Mutations

You are small and have problems with some larger weapons.
You are completely attuned to the shadows.


Message History

The ogre shouts!
Something shouts, "Return whence thou came, thou jarring guts-griping flirt-gill!"
A white imp comes into view.
You see here 14 gold pieces.
There are monsters nearby!
There are monsters nearby!
The ogre misses you.
You don't know any spells.
You closely miss the ogre. The ogre closely misses you.
You hit the ogre.
The ogre is lightly wounded.
The endoplasm barely misses you.
You hit the ogre.
The ogre is moderately wounded.
The endoplasm hits you but does no damage.
The ogre closely misses you.
You hit the ogre.
The ogre is heavily wounded.
The endoplasm hits you but does no damage.
The ogre hits you with a +0 giant club!!
Ouch! That really hurt!
* * * LOW HITPOINT WARNING * * *
You barely miss the ogre.
The ogre is heavily wounded.
The endoplasm closely misses you.
You hit the ogre.
The ogre is severely wounded.
The endoplasm freezes you.
You are frozen.
* * * LOW HITPOINT WARNING * * *
The ogre barely misses you.
You hit the ogre.
The ogre is almost dead.
The endoplasm freezes you.
You are frozen.
* * * LOW HITPOINT WARNING * * *
You hit the ogre.
The ogre is almost dead.
The ogre hits you with a +0 giant club!
You die...

......#
####.###..
..
#.#.......
#.#..##..
##.#.##.##
#....#...#
#..##.#.#.##
#.##..###...
#.#..#$@O#
#..###J##5.#
.. #.# #.
.## #.


You could see an ogre, a white imp and an endoplasm.

Vanquished Creatures
  5 adders
  2 worms (D:3)
  3 dart slugs
  5 endoplasms
  3 giant cockroaches
  5 goblins
  2 hobgoblins (D:3)
  10 jackals
  3 quokkas
  4 ball pythons
  3 bats
  A frilled lizard (D:3)
  4 kobolds
  5 rats
55 creatures vanquished.

Notes
Turn   | Place    | Note
-------+----------+-------------------------------------------
     0 | D:1      | Setbun the Kobold Enchanter began the quest for the Orb.
     0 | D:1      | Reached XP level 1. HP: 10/10 MP: 3/3
   598 | D:1      | Found a faded altar of an unknown god.
   687 | D:1      | Reached XP level 2. HP: 15/15 MP: 5/5
  1022 | D:1      | Reached XP level 3. HP: 20/20 MP: 6/6
  1589 | D:2      | Reached skill level 1 in Fighting
  1589 | D:2      | Reached XP level 4. HP: 17/25 MP: 7/7
  2435 | D:3      | Found Qel Oreu's Book Shoppe.
  2455 | D:3      | Found Pebose's Antique Weapon Shop.
  2471 | D:3      | Found Gaifaf's Weapon Emporium.
  2636 | D:3      | Found a hazy altar of Hepliaklqana.
  2689 | D:3      | Found Naukazo's Book Shop.
  2930 | D:3      | Reached XP level 5. HP: 29/29 MP: 9/9
  3149 | D:3      | Found Webiel's Distillery.
  3357 | D:3      | Found a stormy altar of Qazlal.
  3502 | D:4      | Noticed an ogre
  3511 | D:4      | Mangled by an ogre

Illustrated notes

Levels and vault maps discovered:
D:1:      amcnicky_arrival_flooded_fountain, layout_rooms,
          shapermc_ecumenical_altar_hornbeckon, interstate_on_off,
          corexii_corridor_pit, chequers_serial_rivers_large_b
D:2:      layout_loops_corners, kennysheep_crisscross
D:3:      mumra_celtic_spiral_tile, layout_loops_ring,
          mainiacjoe_overflow_chevrons, nicolae_qazlal_general_emergency,
          serial_shops, nicolae_shop_crystal, nicolae_shop_hallway_stairs, shop,
          shop, shop_fountains
D:4:      layout_loops_ring, okawaru_trees_1, temple_hall, minmay_pentomino_pile

Skill      XL: |  1  2  3 |
---------------+----------+-----
Short Blades   | 2 |  2.8
Fighting       | 1 |  1.4
Dodging        | 3 |  3.3
Stealth        | |  4.7
Spellcasting   | |  2.8
Hexes          | |  3.5

Action                   |  1- 3 |  4- 6 || total
-------------------------+-------+-------++-------
Melee: Dagger            |    93 |    34 ||   127
       Punch             |     1 |       ||     1
       Short sword       |       |    41 ||    41
 Stab: Sleeping          |    18 |    16 ||    34
Armor: Robe              |    24 |    10 ||    34
Dodge: Dodged            |    48 |    42 ||    90

Table legend: (Time is in decaauts)
 A = Elapsed time spent in this place.
 B = Non-inter-level travel time spent in this place.
 C = Inter-level travel time spent in this place.
 D = Time resting spent in this place.
 E = Time spent auto-exploring this place.
 F = Levels seen in this place.
 G = Mean time per level.
                   A        B        C        D        E       F      G
               +--------+--------+--------+--------+--------+-----+--------+
         Total |   3529 |   3443 |     86 |    411 |   2623 |   4 |  882.2 |
       Dungeon |   3529 |   3443 |     86 |    411 |   2623 |   4 |  882.2 |
               +--------+--------+--------+--------+--------+-----+--------+

Top non-repeatable levels by time:
     D:1: 1173 daAuts
     D:3: 1121 daAuts
     D:2: 1113 daAuts
     D:4: 121 daAuts
